AoeStats
← KootH.

African Clearing

504613895Analyzed
4v4 RM · 27d ago on Sep 5, 2026· 34m 16s· 8 players
Game mode
Random Map
Map size
Large (8 player)
Population
200
Speed
Normal
Resources
Standard
Victory
Conquest
Starting age
Dark Age
Ending age
Imperial Age
RankedLock teamsTeams togetherTeam positionsShared explorationLock speedFull tech treeHidden civsTurbo modeCheats
Victory
Defeat
🇧🇷 Britons · Brazil
1848
+9
🇨🇳 Franks · China
1764
+12
🇺🇸 Burmese · United States
1539
+21
🇨🇴 Lithuanians · Colombia
1505
+22
🇺🇸 Georgians · United States
1731
-19
🇬🇧 Portuguese · United Kingdom
1694
-17
🇮🇪 Ethiopians · Ireland
1669
-16
🇮🇪 Goths · Ireland
1561
-12
Deadbeat Dan
4:17 Loom
12:49 Feudal Age
13:46 Man-at-Arms
24:01 Castle Age
29:00 Fletching
31:07 Bodkin Arrow
KootH.
3:00 Loom
11:05 Feudal Age
11:48 Double-Bit Axe
12:49 Double-Bit Axe
19:24 Fletching
23:37 Wheelbarrow
23:30 Padded Archer Armor
26:29 Castle Age
27:20 Bow Saw
27:12 Bodkin Arrow
27:09 Elite Skirmisher
爱人跟人走
12:47 Feudal Age
16:20 Castle Age
14:19 Double-Bit Axe
17:26 Bow Saw
19:51 Loom
24:01 Husbandry
24:09 Scale Barding Armor
26:39 Wheelbarrow
26:44 Chain Barding Armor
27:10 Gold Mining
27:59 Forging
31:10 Iron Casting
30:51 Hand Cart
30:39 Town Watch
32:28 Gold Shaft Mining
TeTo
13:32 Feudal Age
17:14 Castle Age
15:14 Double-Bit Axe
16:28 Loom
18:24 Bow Saw
18:03 Horse Collar
21:27 Loom
22:51 Wheelbarrow
23:20 Fishing Lines
25:01 Fletching
28:00 Town Watch
30:48 Heavy Plow
30:41 Gillnets
31:19 Stone Mining
31:19 Gold Mining
31:39 Bodkin Arrow
32:13 Padded Archer Armor
33:12 Ballistics
33:30 Hand Cart
36:20 Imperial Age
35:16 Gold Shaft Mining
bengute
9:49 Loom
10:27 Loom
12:38 Feudal Age
17:10 Castle Age
16:03 Double-Bit Axe
18:11 Fletching
23:06 Bodkin Arrow
26:33 Ballistics
31:27 Husbandry
Zeriel
11:47 Feudal Age
10:24 Loom
12:14 Double-Bit Axe
11:51 Man-at-Arms
16:06 Fletching
20:05 Horse Collar
22:29 Wheelbarrow
25:42 Castle Age
24:19 Gold Mining
25:46 Crossbowman
26:21 Bodkin Arrow
26:41 Bow Saw
27:56 Ballistics
32:45 Heavy Plow
32:50 Padded Archer Armor
33:54 Hand Cart
impirion
9:38 Loom
12:07 Feudal Age
20:32 Double-Bit Axe
21:36 Fletching
25:49 Castle Age
26:39 Town Watch
30:11 Horse Collar
30:34 Bodkin Arrow
33:34 Bow Saw
Pr3mier
11:32 Loom
13:30 Feudal Age
17:09 Castle Age
15:34 Double-Bit Axe
17:24 Bloodlines
18:03 Bow Saw
24:08 Horse Collar
24:35 Scale Barding Armor
26:07 Wheelbarrow
27:08 Chain Barding Armor
27:39 Town Watch
28:19 Forging
30:01 Pikeman
32:29 Scale Mail Armor
Connection lost

Rejoining the realm…

Still unreachable

The connection could not be restored.

Session expired

The server has moved on; the page needs a fresh start.